 Dungeon Crawl Stone Soup version 0.28-a0-1510-gd0f6b136d3 (webtiles) character file.

Game seed: 13557324442361534651

3493 chunkyMonkey the Blocker (level 10, -11/64 HPs)
             Began as a Gargoyle Fighter on Jan 15, 2022.
             Was a Believer of Cheibriados.
             Mangled by a two-headed ogre (22 damage)
             ... on level 9 of the Dungeon.
             The game lasted 00:10:38 (12841 turns).

chunkyMonkey the Blocker (Gargoyle Fighter)        Turns: 12841, Time: 00:10:39

Health: -11/64     AC: 21    Str: 32    XL:     10   Next: 7%
Magic:  11/16      EV:  7    Int: 14    God:    Cheibriados [**....]
Gold:   498        SH: 15    Dex: 14    Spells: 17/17 levels left

rFire   . . .      SeeInvis +   p - +2 hand axe (drain)
rCold   . . .      Faith    .   g - +0 tower shield
rNeg    + . .      Spirit   .   x - +1 scale mail of Space {rElec Str+3 SInv}
rPois   ∞          Reflect  .   (no helmet)
rElec   +          Harm     .   D - +0 cloak
rCorr   .          Rampage  .   t - +1 pair of gloves
Will    .....                   u - +0 pair of boots
Stlth   ..........              (no amulet)
HPRegen 0.20/turn               (no ring)
MPRegen 0.15/turn               (no ring)

@: mighty, very slow
A: sickness immunity, AC +7, negative energy resistance 1, electricity
resistance, torment resistance 1, petrification resistance
a: Renounce Religion, Bend Time


You were on level 9 of the Dungeon.
You worshipped Cheibriados.
Cheibriados was pleased with you.
You visited 1 branch of the dungeon, and saw 9 of its levels.

You collected 498 gold pieces.

Inventory:

Hand Weapons
 a - a +0 war axe
 k - a +0 antimagic hand axe
 p - a +2 hand axe of draining (weapon)
 E - a +3 war axe
Missiles
 G - 3 curare-tipped darts (quivered)
Armour
 g - a +0 tower shield (worn)
 t - a +1 pair of gloves (worn)
 u - a +0 pair of boots (worn)
 x - the +1 scale mail of Space (worn) {rElec Str+3 SInv}
   (You found it on level 6 of the Dungeon)

   Str:       It affects your strength (+3).
   rElec:     It insulates you from electricity.
   SInv:      It lets you see invisible.
 D - a +0 cloak (worn)
Wands
 w - a wand of charming (14)
 B - a wand of acid (11)
Scrolls
 b - a scroll of amnesia
 e - a scroll of identify
 f - 3 scrolls of magic mapping
 l - 2 scrolls of teleportation
 m - 3 scrolls of blinking
 n - 2 scrolls of vulnerability
 v - a scroll of fog
 y - a scroll of noise {unknown}
 A - a scroll of enchant weapon {unknown}
 C - a scroll of holy word {unknown}
 F - a scroll of summoning {unknown}
Potions
 c - a potion of lignification {unknown}
 d - 2 potions of might
 h - 5 potions of curing
 i - 2 potions of brilliance {unknown}
 j - a potion of attraction {unknown}
 o - 2 potions of flight {unknown}
 q - 4 potions of heal wounds {unknown}
 r - 3 potions of invisibility {unknown}
 s - a potion of degeneration {unknown}
 z - a potion of ambrosia {unknown}


   Skills:
 * Level 7.9 Fighting
 * Level 6.2 Axes
 * Level 8.0 Armour
 * Level 8.0 Shields
 + Level 4.0 Spellcasting
 + Level 0.4 Invocations


You had 17 spell levels left.
You didn't know any spells.
Your spell library contained the following spells:

 Spells                   Type           Power      Damage    Failure   Level
 Shock                    Conj/Air       8%         1d3       95%         1
 Corpse Rot               Necr/Air       4%         N/A       99%         2
 Static Discharge         Conj/Air       2%         N/A       99%         2
 Swiftness                Air            2%         N/A       100%        3
 Airstrike                Air            1%         N/A       100%        4
 Dispel Undead            Necr           2%         3d7       100%        4
 Fireball                 Conj/Fire      1%         3d3       100%        5
 Iskenderun's Battlesphe  Conj           2%         2d6       100%        5
 Lightning Bolt           Conj/Air       1%         1d12      100%        5
 Conjure Ball Lightning   Conj/Air       1%         3x3d6     100%        6
 Death Channel            Necr           1%         N/A       100%        6
 Orb of Destruction       Conj           1%         9d5       100%        7
 Maxwell's Capacitive Co  Air            1%         ∞         100%        8


Dungeon Overview and Level Annotations

Branches:
Dungeon (9/15)             Temple (0/1) D:5
   Lair: D:8-11         Orc: D:9-12

Altars:
Cheibriados
Elyvilon
Fedhas
Okawaru
Qazlal
Sif Muna
Trog
Uskayaw
Vehumet
The Shining One

Portals:
Abyss: D:4

Annotations:
D:4 2 transporters, AigisTheKnight's ghost, amateur DsFE


Innate Abilities, Weirdness & Mutations

You are immune to sickness and miasma.
Your stone body is resilient. (AC +7)
You are immune to poison.
You resist negative energy. (rN+)
You are resistant to electric shocks. (rElec)
You are resistant to unholy torment.
You are immune to petrification.


Message History

The two-headed ogre hits you with a +0 giant spiked club!!
The yak gores you but does no damage.
Unknown command.
You hit the two-headed ogre. You drain the two-headed ogre.
The two-headed ogre is lightly wounded.
You hit the yak. You drain the yak.
You kill the yak!
Cheibriados appreciates the change of pace.
The yak snorts and paws the ground.
You block the two-headed ogre's attack.
The two-headed ogre hits you but does no damage.
Your Armour skill increases to level 8!
Your Shields skill increases to level 8!
You hit the two-headed ogre.
The two-headed ogre is lightly wounded.
You hit the yak. You block the yak's attack.
You block the two-headed ogre's attack.
The two-headed ogre hits you with a +0 giant spiked club.
The yak gores you but does no damage.
You hit the two-headed ogre.
The two-headed ogre is lightly wounded.
You barely miss the yak. You block the two-headed ogre's attack.
The two-headed ogre hits you with a +0 giant spiked club!
* * * LOW HITPOINT WARNING * * *
The yak gores you but does no damage.
Unknown command.
You barely miss the two-headed ogre.
The two-headed ogre is lightly wounded.
You barely miss the yak. You block the two-headed ogre's attack.
The two-headed ogre hits you but does no damage.
You block the yak's attack.
You feel very mighty all of a sudden. The yak gores you but does no damage.
The two-headed ogre hits you with a +0 giant spiked club.
* * * LOW HITPOINT WARNING * * *
The two-headed ogre hits you with a +0 giant spiked club!
* * * LOW HITPOINT WARNING * * *
It was a potion of curing.
You feel better. You block the yak's attack.
The two-headed ogre hits you with a +0 giant spiked club!!
You die...

....###...........
....#.............
....#.............
....#.....######.#
....'.....#....#.#
....#.....+....'Y#
....#.....# #Y#
#####.....# #Y#
..........# #@#
..........######O#####.+
.......................#
.........[............##
.#'#.......####.......+
.#.######..#..##'######
##......#..'........
###.....#..#....(...
≈##.....####.......##


You could see a two-headed ogre (drained) and 3 yaks.

Vanquished Creatures
  A kobold demonologist (D:7)
  Grinder (D:5)
  Eustachio (D:6)
  A yak (D:9)
  2 steam dragons (D:7)
  Edmund (D:6)
  A water moccasin (D:7)
  A sky beast (D:5)
  A necrophage (D:4)
  3 ogres
  A centaur (D:8)
  A kobold brigand (D:7)
  2 bullfrogs (D:8)
  A scorpion (D:7)
  A wyvern zombie (D:7)
  A water moccasin zombie (D:5)
  4 killer bees (D:9)
  8 wights
  2 howler monkeys (D:8)
  A lava snake (D:7)
  A centaur zombie (D:5)
  3 orc priests
  4 hounds
  3 bullfrog skeletons
  3 jellies
  2 centaur skeletons
  Jessica (D:3)
  An iguana (D:7)
  5 orc wizards
  A hound skeleton (D:4)
  A mummy (D:3)
  4 adders
  3 gnolls (D:2)
  A white imp (D:7)
  An ufetubus (D:5)
  3 worms
  4 dart slugs
  14 orcs
  6 endoplasms
  3 giant cockroaches
  7 goblins
  5 hobgoblins
  2 jackals (D:1)
  2 quokkas
  4 ball pythons
  2 bats
  6 frilled lizards
  5 kobolds
  2 rats (D:3)
134 creatures vanquished.

Notes
Turn   | Place    | Note
-------+----------+-------------------------------------------
     0 | D:1      | chunkyMonkey the Gargoyle Fighter began the quest for the
                  | Orb.
     0 | D:1      | Reached XP level 1. HP: 14/14 MP: 1/1
   187 | D:1      | Reached XP level 2. HP: 19/19 MP: 2/2
   728 | D:2      | Reached XP level 3. HP: 13/23 MP: 3/3
  1529 | D:2      | Reached XP level 4. HP: 14/29 MP: 3/5
  1877 | D:2      | Found a snail-covered altar of Cheibriados.
  2201 | D:3      | Reached skill level 1 in Spellcasting
  2444 | D:3      | Noticed Jessica
  2462 | D:3      | Killed Jessica
  2463 | D:3      | Reached XP level 5. HP: 21/33 MP: 6/6
  2948 | D:3      | Found a faded altar of an unknown god.
  3229 | D:3      | Found a snail-covered altar of Cheibriados.
  3329 | D:3      | Became a worshipper of Cheibriados the Contemplative
  3528 | D:3      | Found an iron altar of Okawaru.
  3659 | D:3      | Reached XP level 6. HP: 30/39 MP: 8/8
  3861 | D:4      | Found a transporter.
  3861 | D:4      | Found a one-way gate to the infinite horrors of the Abyss.
  3861 | D:4      | Noticed AigisTheKnight's ghost (amateur DsFE)
  3861 | D:4      | Noticed a small abomination
  3880 | D:4      | Found a transporter.
  4002 | D:4      | Noticed a necrophage
  4017 | D:4      | Killed a necrophage
  4379 | D:4      | Reached skill level 5 in Shields
  4379 | D:4      | Reached XP level 7. HP: 39/44 MP: 9/9
  4542 | D:5      | Entered Level 5 of the Dungeon
  4542 | D:5      | Found a staircase to the Ecumenical Temple.
  4551 | D:5      | Reached skill level 5 in Armour
  4561 | D:5      | Reached skill level 5 in Fighting
  4861 | D:5      | Reached * piety under Cheibriados
  5722 | D:5      | Reached XP level 8. HP: 47/50 MP: 11/11
  5878 | D:5      | Noticed Grinder
  5893 | D:5      | Paralysed by Grinder for 2 turns
  5911 | D:5      | Paralysed by Grinder for 6 turns
  5929 | D:5      | Killed Grinder
  6824 | D:6      | Identified the +1 scale mail of Space {rElec Str+3 SInv}
  6997 | D:6      | Noticed Edmund
  7020 | D:6      | Killed Edmund
  7314 | D:6      | Found a blossoming altar of Fedhas.
  7373 | D:6      | Noticed Eustachio
  7386 | D:6      | Killed Eustachio
  7630 | D:6      | Found a radiant altar of Vehumet.
  7686 | D:6      | Found a bloodstained altar of Trog.
  7686 | D:6      | Found a glowing golden altar of the Shining One.
  7920 | D:7      | Reached skill level 5 in Axes
  7920 | D:7      | Reached XP level 9. HP: 55/56 MP: 13/13
  8766 | D:7      | Noticed a kobold demonologist
  8770 | D:7      | Noticed a hellwing
  8778 | D:7      | Killed a kobold demonologist
  9079 | D:7      | Found a hide-covered altar of Uskayaw.
 10010 | D:7      | Reached ** piety under Cheibriados
 10881 | D:8      | Noticed a five-headed hydra
 11904 | D:8      | Found a white marble altar of Elyvilon.
 12233 | D:8      | Found a stormy altar of Qazlal.
 12606 | D:9      | Reached XP level 10. HP: 52/64 MP: 15/15
 12793 | D:9      | Found a shimmering blue altar of Sif Muna.
 12828 | D:9      | Noticed a two-headed ogre
 12840 | D:9      | HP: 3/64 [two-headed ogre (9)]
 12841 | D:9      | Mangled by a two-headed ogre

Illustrated notes

Levels and vault maps discovered:
D:1:      ncdulo_lavacross, layout_basic
D:2:      layout_loops_cross, basic_altar
D:3:      layout_loops_ring, slow_altar_2, mainiacjoe_overflow_chevrons,
          basic_ecumenical_altar, uniq_jessica
D:4:      layout_rooms, gammafunk_ghost_abyssal_escape
D:5:      layout_loops_ring, minmay_temple_entry_mist, uniq_grinder
D:6:      layout_rooms, nicolae_vehumet_radiance, fedhas_altar_4,
          gammafunk_temple_overflow_elements, uniq_eustachio, uniq_edmund
D:7:      layout_basic, nicolae_uskayaw_suspiria, serial_co_window_serial,
          co_window_corner_a, co_window_paths_b, co_window_of_opportunity_a,
          co_window_paths_a, co_window_paths_b, co_window_paths_c,
          co_window_2corner, co_window_broadway_c, glass_columns_b,
          chequers_serial_rivers_large_b
D:8:      layout_rooms, nicolae_overflow_crystal_walls, grunt_qazlal_clouds,
          hangedman_decor_points
D:9:      layout_irregular_city, led_sif_pool, lair_entry_dummy

Skill      XL: |  1  2  3  4  5  6  7  8  9 10 |
---------------+-------------------------------+-----
Axes           | 2 3 4 5 6 |  6.2
Armour         | 4 5 6 7 8 |  8.0
Fighting       | 4 5 6 7 |  7.9
Shields        | 4 5 6 7 8 |  8.0
Spellcasting   | 1 2 3 4 |  4.0
Invocations    | |  0.4

Action                   |  1- 3 |  4- 6 |  7- 9 | 10-12 || total
-------------------------+-------+-------+-------+-------++-------
Melee: War axe           |    92 |   148 |    55 |       ||   295
       Hand axe          |       |       |   289 |    20 ||   309
Invok: Bend Time         |       |       |       |     2 ||     2
  Use: Scroll            |       |       |     7 |       ||     7
       Potion            |       |       |       |     2 ||     2
Armor: Scale mail        |    52 |    69 |   231 |    16 ||   368
Dodge: Dodged            |    45 |    33 |    94 |     8 ||   180
Block: Buckler           |     8 |       |       |       ||     8
       Tower shield      |    45 |   110 |   312 |    23 ||   490

Table legend: (Time is in decaauts)
 A = Elapsed time spent in this place.
 B = Non-inter-level travel time spent in this place.
 C = Inter-level travel time spent in this place.
 D = Time resting spent in this place.
 E = Time spent auto-exploring this place.
 F = Levels seen in this place.
 G = Mean time per level.
                   A        B        C        D        E       F      G
               +--------+--------+--------+--------+--------+-----+--------+
         Total |  14543 |  14185 |    358 |   5919 |   6515 |   9 | 1615.9 |
       Dungeon |  14543 |  14185 |    358 |   5919 |   6515 |   9 | 1615.9 |
               +--------+--------+--------+--------+--------+-----+--------+

Top non-repeatable levels by time:
     D:7: 4463 daAuts
     D:5: 2517 daAuts
     D:3: 1854 daAuts
     D:2: 1432 daAuts
     D:6: 1380 daAuts
     D:8: 1009 daAuts
     D:4: 855 daAuts
     D:1: 735 daAuts
     D:9: 293 daAuts
